 Dungeon Crawl Stone Soup version 0.32-a0-391-gce5c0aab1b (webtiles) character file.

Game seed: 12778167944205010507

230 2tousent the Chopper (level 5, -3/46 HPs)
             Began as a Mountain Dwarf Fighter on Feb 19, 2024.
             Was a Believer of Jiyva.
             Slain by an ogre
             ... wielding a +0 giant club
              (29 damage)
             ... on level 3 of the Dungeon.
             The game lasted 00:02:47 (2186 turns).

2tousent the Chopper (Mountain Dwarf Fighter)       Turns: 2186, Time: 00:02:47

Health: -3/46      AC: 10    Str: 19    XL:     5   Next: 72%
Magic:  5/5        EV:  9    Int: 10    God:    Jiyva [**....]
Gold:   87         SH:  4    Dex:  9    Spells: 4/4 levels left

rFire   . . .        a - +0 war axe
rCold   . . .        c - +0 buckler
rNeg    . . .        b - +0 scale mail
rPois   .            h - +0 helmet
rElec   .            (no cloak)
rCorr   +            (no gloves)
SInv    .            o - +1 pair of boots
Will    .....        (no amulet) Stlth
                     (no ring)
HPRegen 1.23/turn    (no ring)
MPRegen 0.57/turn

%: no passive effects
@: no status effects
A: runic magic, artefact enchanting
a: Renounce Religion


You were on level 3 of the Dungeon.
You worshipped Jiyva.
Jiyva was pleased with you.
You visited 1 branch of the dungeon, and saw 3 of its levels.

You collected 87 gold pieces.

Inventory:

Hand Weapons
 a - a +0 war axe (weapon)
Armour
 b - a +0 scale mail (worn)
 c - a +0 buckler (worn)
 h - a +0 helmet (worn)
 o - a +1 pair of boots (worn)
Jewellery
 m - a +6 ring of intelligence
Scrolls
 k - a scroll of noise {unknown}
 l - 2 scrolls of revelation {unknown}
 n - a scroll of identify {unknown}
 p - 2 scrolls of teleportation {unknown}
 q - a scroll of poison {unknown}
 s - a scroll of enchant armour {unknown}
Potions
 d - 4 potions of might
 e - 2 potions of heal wounds {unknown}
 f - 3 potions of degeneration {unknown}
 g - a potion of lignification {unknown}
 i - a potion of berserk rage {unknown}
 j - a potion of curing {unknown}
 r - a potion of haste {unknown}


   Skills:
 + Level 4.3 Fighting
 * Level 5.0 Axes
 + Level 4.3 Armour
 + Level 4.3 Shields


You had 4 spell levels left.
You didn't know any spells.
Your spell library contained the following spells:

 Spells                   Type           Power      Damage    Failure   Level
 Apportation              Tloc           0%         N/A       52%         1
 Necrotise                Necr           0%         1d4       52%         1
 Sting                    Conj/Alch      0%         1d3       52%         1
 Summon Small Mammal      Summ           0%         N/A       52%         1
 Olgreb's Toxic Radiance  Alch           0%         N/A       99%         4
 Ozocubu's Refrigeration  Ice            0%         4d7       100%        7
 Discord                  Hex            0%         N/A       100%        8


Dungeon Overview and Level Annotations

Branches:
Dungeon (3/15)

Altars:
Gozag
Qazlal
Sif Muna
Jiyva


Innate Abilities, Weirdness & Mutations

Your spellcasting is much less encumbered by armour.
You can use scrolls of enchantment on lesser artefacts.


Message History

No target in view!
You open the door.
An ogre comes into view. It is wielding a +0 giant club.
The ogre shouts!
Found a shimmering blue altar of Sif Muna.
An ogre is nearby!
An ogre is nearby!
There is an open door here.
You barely miss the ogre.
The ogre hits you with a +0 giant club!!
Ouch! That really hurt!
You are too injured to fight recklessly!
You are too injured to fight recklessly!
You are too injured to fight recklessly!
You are too injured to fight recklessly!
You are too injured to fight recklessly!
You are too injured to fight recklessly!
You are too injured to fight recklessly!
You are too injured to fight recklessly!
You are too injured to fight recklessly!
You are too injured to fight recklessly!
You are too injured to fight recklessly!
You are too injured to fight recklessly!
You hit the ogre.
The ogre is lightly wounded.
The ogre closely misses you.
You slash the ogre!
The ogre is moderately wounded.
The ogre barely misses you.
You hit the ogre.
The ogre is heavily wounded.
You hit the ogre.
The ogre is heavily wounded.
The ogre barely misses you.
You barely miss the ogre.
The ogre is heavily wounded.
The ogre hits you with a +0 giant club!!
Ouch! That really hurt!
You die...
Jiyva sends a jelly to digest your remains.

#.##...## #.###
#.#.ß.ß.####.###
#.#.._..#.......
#.#...ß.####.###
+#†#'...##....###
#.#####...#####..#.....
........⌠..............
.#####...#####..#.....
#..O@#.#'...##.#.....
#.ß...#.#...ß.#.#.....
#.._..#.#.._..#.#.....
#.ß.ß.#.#.ß.ß.#.#.....
##...##J##...##.#.....
#### ... ####..######
... #


You could see an ogre.

Vanquished Creatures
  A water moccasin skeleton (D:3)
  A bombardier beetle (D:3)
  A hound skeleton (D:3)
  2 adders
  2 dart slugs
  3 ribbon worms
  An orc (D:3)
  3 bats
  4 endoplasms
  6 giant cockroaches
  5 goblins
  4 hobgoblins (D:1)
  2 jackals (D:1)
  4 kobolds
  5 quokkas
  5 ball pythons
  A ball python skeleton (D:3)
  A ball python zombie (D:3)
  A frilled lizard (D:2)
  5 rats
57 creatures vanquished.

Vanquished Creatures (others)
  A rat (D:3)
1 creature vanquished.

Grand Total: 58 creatures vanquished

Notes
Turn   | Place    | Note
-------+----------+-------------------------------------------
     0 | D:1      | 2tousent the Mountain Dwarf Fighter began the quest for the
                  | Orb.
     0 | D:1      | Reached XP level 1. HP: 19/19 MP: 1/1
   134 | D:1      | Reached XP level 2. HP: 26/26 MP: 2/2
   140 | D:1      | Reached skill level 3 in Axes
   266 | D:1      | Reached XP level 3. HP: 31/31 MP: 3/3
   899 | D:2      | Identified the +4 dagger of the Teaching Oracle {elec,
                  | Will+ Str+2}
  1096 | D:2      | Reached XP level 4. HP: 35/40 MP: 4/4
  1402 | D:2      | Reached skill level 4 in Axes
  1439 | D:2      | Found a faded altar of an unknown god.
  1460 | D:2      | Prayed at the altar of an unknown god.
  1460 | D:2      | Became a worshipper of Jiyva Jain the Shapeless
  1460 | D:2      | Reached * piety under Jiyva
  1858 | D:3      | Reached XP level 5. HP: 45/46 MP: 5/5
  1899 | D:3      | Reached ** piety under Jiyva
  2045 | D:3      | Reached skill level 5 in Axes
  2173 | D:3      | Found an opulent altar of Gozag.
  2176 | D:3      | Found a stormy altar of Qazlal.
  2179 | D:3      | Found a shimmering blue altar of Sif Muna.
  2179 | D:3      | Noticed an ogre
  2186 | D:3      | Slain by an ogre

Illustrated notes

Levels and vault maps discovered:
D:1:      ebering_trefoil_twist, layout_loops_ring, serial_forest,
          infiniplex_forest_lined_corner, infiniplex_forest_end_2,
          infiniplex_forest_straight_3, infiniplex_forest_straight_2
D:2:      layout_loops_corners, chequers_ecumenical_altar_twisty,
          grunt_decor_junction
D:3:      minmay_evil_eye, layout_basic, grunt_temple_overflow_cloverleaf,
          serial_undead, serial_undead_c, serial_undead_d, serial_undead_d,
          serial_undead_b, minmay_misc_feat_tower, hangedman_decor_peaks_small

Skill      XL: |  1  2  3  4  5 |
---------------+----------------+-----
Axes           | 3 4 5 |  5.0
Fighting       | 4 |  4.3
Armour         | 4 |  4.3
Shields        | 4 |  4.3

Action                     |  1- 3 |  4- 6 || total
---------------------------+-------+-------++-------
  Melee: War axe           |   103 |    95 ||   198
 Armour: Scale mail        |    58 |    53 ||   111
  Dodge: Dodged            |    75 |    51 ||   126
  Block: Buckler           |    31 |    13 ||    44

Table legend: (Time is in decaauts)
 A = Elapsed time spent in this place.
 B = Non-inter-level travel time spent in this place.
 C = Inter-level travel time spent in this place.
 D = Time resting spent in this place.
 E = Time spent auto-exploring this place.
 F = Levels seen in this place.
 G = Mean time per level.
                   A        B        C        D        E       F      G
               +--------+--------+--------+--------+--------+-----+--------+
         Total |   2255 |   2201 |     54 |      0 |   1715 |   3 |  751.7 |
       Dungeon |   2255 |   2201 |     54 |      0 |   1715 |   3 |  751.7 |
               +--------+--------+--------+--------+--------+-----+--------+

Top non-repeatable levels by time:
     D:2: 1038 daAuts
     D:1: 802 daAuts
     D:3: 413 daAuts
